 Dungeon Crawl Stone Soup version 0.31.0-11-ge490571c62 (webtiles) character file.

Game seed: 4213618067444139193

58 qw the Shooter (level 3, -2/18 HPs)
             Began as a Spriggan Hunter on Feb 3, 2024.
             Slain by a gnoll
             ... wielding a +0 club
              (3 damage)
             ... on level 3 of the Dungeon.
             The game lasted 00:00:05 (1769 turns).

qw the Shooter (Spriggan Hunter)                    Turns: 1769, Time: 00:00:06

Health: -2/18      AC:  2    Str:  5 (7)  XL:     3   Next: 75%
Magic:  4/4        EV: 19    Int:  9 (10) God:
Gold:   99         SH:  0    Dex: 19 (20) Spells: 2/2 levels left

rFire   . . .        a - +0 shortbow
rCold   . . .        (shield currently unavailable)
rNeg    . . .        c - +0 robe
rPois   .            (helmet restricted)
rElec   .            (no cloak)
rCorr   +            (gloves unavailable)
SInv    +            (boots unavailable)
Will    .....        (no amulet)
Stlth   ++           i - ring of resist corrosion
HPRegen 0.23/turn    (no ring)
MPRegen 0.09/turn

%: no passive effects
@: very quick
A: very small, no large weapons, unfitting armour, see invisible, speed 3
a: no special abilities


You were on level 3 of the Dungeon.
You visited 1 branch of the dungeon, and saw 3 of its levels.

You collected 99 gold pieces.


Innate Abilities, Weirdness & Mutations

You are very small and have problems with some larger weapons.
You are too small for most types of armour.
You have supernaturally acute eyesight. (SInv)
You cover ground extremely quickly. (Speed+++)


   Skills:
 - Level 1.5 Fighting
 + Level 4.9 Ranged Weapons
 - Level 4.0 Dodging
 - Level 1.5 Stealth


You had 2 spell levels left.
You didn't know any spells.
Your spell library was empty.

Inventory:

Hand Weapons
 a - a +0 shortbow (weapon)
Armour
 c - a +0 robe (worn)
Jewellery
 i - a ring of resist corrosion (left hand)
Scrolls
 b - 2 scrolls of identify
Potions
 d - a potion of enlightenment
 e - 2 potions of berserk rage {unknown}
 h - a potion of might

Dungeon Overview and Level Annotations

Branches:
Dungeon (3/15)

Altars:
Ashenzari


Message History

You shoot an arrow. The arrow hits the hobgoblin.
You kill the hobgoblin!
Found a stone staircase leading up.
Enter note: A gnoll comes into view. It is wielding a +0 halberd.
You shoot an arrow. The gnoll shouts!
The arrow hits the gnoll!
The gnoll is severely wounded.
You shoot an arrow. The arrow barely misses the gnoll.
You shoot an arrow. The arrow closely misses the gnoll.
You hear a shout!
A gnoll comes into view.
It is wielding a +0 flail and quivering a throwing net.
You shoot an arrow. The arrow barely misses the gnoll.
You shoot an arrow. The arrow hits the gnoll.
You kill the gnoll!
A gnoll comes into view. It is wielding a +0 club.
You shoot an arrow. The arrow barely misses the gnoll.
You shoot an arrow. The arrow hits the gnoll.
The gnoll is heavily wounded.
The gnoll misses you. The gnoll hits you with a +0 club.
You shoot an arrow. The arrow hits the gnoll.
The gnoll is severely wounded.
The gnoll hits you with a +0 club.
You shoot an arrow. The arrow closely misses the gnoll.
The arrow barely misses the gnoll.
The gnoll closely misses you.
You shoot an arrow. The arrow closely misses the gnoll.
The arrow barely misses the gnoll.
The gnoll closely misses you.
You shoot an arrow. The arrow barely misses the gnoll. x2
The gnoll hits you with a +0 club!
You shoot an arrow. The arrow closely misses the gnoll.
The arrow hits the gnoll.
The gnoll is lightly wounded.
The gnoll barely misses you.
You shoot an arrow. The arrow hits the gnoll.
The gnoll is almost dead.
The gnoll hits you with a +0 club.
You die...

#.....# ##.# #.....#
#..# #.....# ##..#
#.....###....
#.....##..###
#.....#..##
####.......#####
#####.......%.......
#gg@..##......######
#.######....[...##
.) #####.##..# ...
#.###.## .## #.#
#..# #.# ##.## #.
#... #. ###### ..
......


You could see 2 gnolls.

Vanquished Creatures
  A gnoll (D:3)
  A ribbon worm (D:2)
  7 endoplasms
  A giant cockroach (D:1)
  4 goblins
  4 hobgoblins
  6 jackals (D:1)
  A quokka (D:1)
  A ball python (D:1)
  4 bats
  A frilled lizard (D:2)
  4 kobolds
  5 rats
40 creatures vanquished.

Notes
Turn   | Place    | Note
-------+----------+-------------------------------------------
     0 | D:1      | qw the Spriggan Hunter began the quest for the Orb.
     0 | D:1      | Reached XP level 1. HP: 10/10 MP: 2/2
     0 | D:1      | 0 ||| qw: Version: 0.3-a-157-g843a77d
     0 | D:1      | 0 ||| qw: Game counter: 3900
     0 | D:1      | 0 ||| qw: Melee chars always use a shield: true
     0 | D:1      | 0 ||| qw: God list: Okawaru
     0 | D:1      | 0 ||| qw: Allow faded altars: false
     0 | D:1      | 0 ||| qw: Do Orc after clearing Dungeon:15 true
     0 | D:1      | 0 ||| qw: Do second Lair branch before Depths: true
     0 | D:1      | 0 ||| qw: Lair rune preference: random
     0 | D:1      | 0 ||| qw: Goals: Normal
     0 | D:1      | 0 ||| PLANNING D:1-11
    80 | D:1      | Reached skill level 3 in Dodging
   163 | D:1      | Reached XP level 2. HP: 8/14 MP: 3/3
   500 | D:1      | Found a faded altar of an unknown god.
   753 | D:1      | 753 ||| UPGRADING to ring of resist corrosion.
   754 | D:1      | 754 ||| READING scroll labelled PUAGA KEHYS.
   755 | D:1      | 755 ||| READING scroll labelled MUHAANGO WOCHUKE.
   755 | D:1      | 755 ||| IDENTIFYING fuming green potion
   756 | D:1      | 756 ||| DROPPING scroll of butterflies.
   822 | D:2      | Identified the +3 rapier of the Final Seas {drain, Str+3}
   861 | D:2      | Reached XP level 3. HP: 18/18 MP: 4/4
  1492 | D:2      | 1492 ||| READING scroll of identify.
  1492 | D:2      | 1492 ||| IDENTIFYING red potion
  1493 | D:2      | 1493 ||| READING scroll labelled HOSIUC QEGAGYRPH.
  1497 | D:2      | 1497 ||| READING scroll labelled TENTATZYETO.
  1498 | D:2      | 1498 ||| READING scroll labelled OFFUON UHIOPS.
  1599 | D:2      | 1599 ||| DRINKING 2 coppery potions.
  1600 | D:2      | 1600 ||| DROPPING potion of degeneration.
  1638 | D:3      | Found a broken altar of Ashenzari.
  1767 | D:3      | HP: 1/18 [gnoll/+0 club (8)]
  1769 | D:3      | Slain by a gnoll

Levels and vault maps discovered:
D:1:      evilmike_arrival_plus, layout_basic, serial_forest,
          infiniplex_forest_end_2, infiniplex_forest_zigzag_2,
          infiniplex_forest_lined_3, infiniplex_forest_diagonal,
          infiniplex_forest_straight_2,
          shapermc_ecumenical_altar_mp_ritualfount, minmay_tripent
D:2:      layout_basic, minmay_tiny_reverse_x
D:3:      layout_rooms, lemuel_round_altar, minmay_misc_feat_enclosed

Skill      XL: |  1  2 |
---------------+-------+-----
Dodging        | 3 4 |  4.0
Fighting       | |  1.5
Ranged Weapons | |  4.9
Stealth        | |  1.5

Action                     || total
---------------------------++-------
   Fire: Shortbow          ||   112
    Use: Scroll            ||     6
         Potion            ||     1
 Armour: Robe              ||    13
  Dodge: Dodged            ||    39

Table legend:
 A = Non-vault XP
 B = Vault XP
 C = Vault XP percentage of total XP
 D = Non-vault monster count
 E = Vault monster count
 F = Vault count percentage of total count
                 A         B        C        D         E       F
            +---------+---------+-------+---------+---------+-------
      Total |      77 |       6 |   7.2 |      36 |       4 |  10.0
            +---------+---------+-------+---------+---------+-------
        D:1 |      32 |       3 |   8.6 |      19 |       2 |   9.5
        D:2 |      26 |       3 |  10.3 |      13 |       2 |  13.3
        D:3 |      19 |       0 |   0.0 |       4 |       0 |   0.0
            +---------+---------+-------+---------+---------+-------
